 Dungeon Crawl Stone Soup version 0.22-a0-284-g99d1f74 (webtiles) character file.

1148 empire the Quickloader (level 8, -4/63 HPs)
             Began as a Gnoll Wanderer on Dec 21, 2017.
             Was an Initiate of Sif Muna.
             Engulfed by a cloud of flame (26 damage)
             ... on level 5 of the Dungeon on Mar 21, 2018.
             The game lasted 00:19:10 (4430 turns).

empire the Quickloader (Gnoll Wanderer)             Turns: 4430, Time: 00:19:11

Health: -4/63      AC: 12    Str: 13    XL:     8   Next: 38%
Magic:  12/12      EV: 12    Int: 13    God:    Sif Muna [......]
Gold:   331        SH:  0    Dex: 20    Spells: 13/13 levels left

rFire    . . .     SeeInvis .   b - +2 mace (protect)
rCold    . . .     Gourm    .   (no shield)
rNeg     . . .     Faith    .   s - +0 ring mail
rPois    .         Spirit   .   D - +0 helmet
rElec    .         Reflect  .   (no cloak)
rCorr    .         Harm     .   v - +1 pair of gloves
MR       +....                  J - +2 pair of boots
Stlth    ++........             n - amulet of magic regeneration
HPRegen  0.20/turn              p - ring of protection from magic
MPRegen  0.38/turn              (no ring)

@: no status effects
A: distributed training, fangs 1, strong nose
a: Renounce Religion


You were on level 5 of the Dungeon.
You worshipped Sif Muna.
Sif Muna was noncommittal.
You were very hungry.

You visited 2 branches of the dungeon, and saw 6 of its levels.

You collected 331 gold pieces.

Inventory:

Hand Weapons
 a - a +3 hand crossbow
 b - a +2 mace of protection (weapon)
 c - a +0 shortbow
 f - a +1 mace of crushing
 w - a +0 morningstar
 y - a +0 war axe
 B - a +0 scythe
 F - a +2 short sword of holy wrath
 H - a +0 scimitar
Missiles
 d - 98 arrows
 h - 50 bolts
 x - 19 poisoned needles
Armour
 s - a +0 ring mail (worn)
 v - a +1 pair of gloves (worn)
 D - a +0 helmet (worn)
 G - a +0 chain mail
 J - a +2 pair of boots (worn)
Jewellery
 k - an uncursed ring of protection from fire {unknown}
 n - an amulet of magic regeneration (around neck)
 p - a ring of protection from magic (left hand)
 C - an uncursed ring of ice {unknown}
Wands
 m - a wand of iceblast (7)
 I - a wand of random effects (21)
Scrolls
 l - 2 scrolls of teleportation
 r - 4 scrolls of magic mapping
 t - 5 scrolls of remove curse
Potions
 e - 4 potions of curing
 i - a potion of brilliance
 j - 2 potions of lignification
 o - a potion of degeneration
 u - 2 potions of cancellation
 z - a potion of haste
 A - a potion of flight
 E - a potion of invisibility
Comestibles
 g - 11 rations


   Skills:
 + Level 5.6 Fighting
 + Level 3.1 Short Blades
 + Level 3.1 Long Blades
 + Level 3.1 Axes
 + Level 3.1 Maces & Flails
 + Level 3.1 Polearms
 + Level 3.1 Staves
 + Level 3.1 Slings
 + Level 3.1 Bows
 + Level 10.8 Crossbows
 + Level 4.1 Throwing
 + Level 4.1 Armour
 + Level 3.1 Dodging
 + Level 3.1 Stealth
 + Level 4.1 Shields
 + Level 3.1 Unarmed Combat
 + Level 3.1 Spellcasting
 + Level 2.5 Conjurations
 + Level 2.5 Hexes
 + Level 2.5 Charms
 + Level 2.5 Summonings
 + Level 2.5 Necromancy
 + Level 2.5 Translocations
 + Level 2.5 Transmutations
 + Level 2.5 Fire Magic
 + Level 2.5 Ice Magic
 + Level 2.5 Air Magic
 + Level 2.5 Earth Magic
 + Level 2.5 Poison Magic
 + Level 3.5 Invocations
 + Level 3.1 Evocations


You had 13 spell levels left.
You didn't know any spells.

Dungeon Overview and Level Annotations

Branches:
Dungeon (5/15)             Temple (1/1) D:5

Altars:
Ashenzari
Cheibriados
Dithmenos
Fedhas
Gozag
Hepliaklqana
Kikubaaqudgha
Makhleb
Nemelex Xobeh
Okawaru
Qazlal
Sif Muna
Trog
Uskayaw
Vehumet
Wu Jian
Xom
Yredelemnul
Zin


Innate Abilities, Weirdness & Mutations

Your experience applies equally to all skills.
You have very sharp teeth.
Your uncanny sense of smell can sniff out nearby items.


Message History

You closely miss the ice beast.
The ice beast is almost dead.
The ice beast hits you but does no damage. x2
You barely miss the ice beast.
The ice beast is almost dead.
The ice beast misses you.
You closely miss the ice beast.
The ice beast is almost dead.
The ice beast closely misses you.
You hit the ice beast.
Your weapon exudes an aura of protection.
You kill the ice beast!
Sif Muna accepts your kill.
You are engulfed in blazing flames.
You see here a wand of random effects (21).
I - a wand of random effects (21)
You are engulfed in blazing flames.
* * * LOW HITPOINT WARNING * * *
You feel much better.
You are engulfed in blazing flames.
You die...

....#...... ......
........### ......#
#.#......## .......
...........
.......####
#..###.....
....§...# ## ######
#..§.§.# #######
#..._.§## #......
#..@§..# #......
#/§....#######...>..
####....##...#......
####......#......
###....####'##
##........#
#....#..##
#<...##.##
#######..##


There were no monsters in sight!

Vanquished Creatures
  The ghost of Amnesiac the Conjurer, an amateur DEIE (D:3)
  2 phantoms
  An ice beast (D:5)
  2 ogres (D:4)
  A water moccasin skeleton (D:4)
  A crimson imp (D:5)
  2 orc priests
  A centaur skeleton (D:4)
  4 orc wizards (D:4)
  A bullfrog skeleton (D:5)
  Jessica (D:3)
  2 worker ants (D:4)
  10 adders
  A gnoll (D:4)
  2 worms (D:2)
  A dart slug (D:2)
  4 leopard geckos
  20 orcs
  6 giant cockroaches
  10 goblins
  9 hobgoblins
  6 jackals
  2 quokkas
  A ball python (D:4)
  5 bats
  2 frilled lizards
  9 kobolds
  4 rats
  A fungus (D:5)
112 creatures vanquished.

Notes
Turn   | Place    | Note
-------+----------+-------------------------------------------
     0 | D:1      | Reached skill level 10 in Crossbows
     0 | D:1      | empire the Gnoll Wanderer began the quest for the Orb.
     0 | D:1      | empire set off with: a +2 hand crossbow, 22 bolts, a +0 shortbow, 25 arrows, a potion of curing, a +0 robe, a ration
     0 | D:1      | Reached XP level 1. HP: 20/20 MP: 1/1
     0 | D:1      | Upgraded the game from 0.21-a0-584-g185da8e to 0.21-a0-591-g2314aa1
   209 | D:1      | Reached XP level 2. HP: 22/26 MP: 2/2
   879 | D:2      | Reached XP level 3. HP: 28/31 MP: 3/3
  1051 | D:2      | Reached skill level 1 in Invocations
  1069 | D:2      | Found a stormy altar of Qazlal.
  1076 | D:2      | Found a burning altar of Makhleb.
  1130 | D:2      | Reached skill level 1 in Short Blades
  1130 | D:2      | Reached skill level 1 in Long Blades
  1130 | D:2      | Reached skill level 1 in Axes
  1130 | D:2      | Reached skill level 1 in Maces & Flails
  1130 | D:2      | Reached skill level 1 in Polearms
  1130 | D:2      | Reached skill level 1 in Staves
  1130 | D:2      | Reached skill level 1 in Slings
  1130 | D:2      | Reached skill level 1 in Bows
  1130 | D:2      | Reached skill level 1 in Dodging
  1130 | D:2      | Reached skill level 1 in Stealth
  1130 | D:2      | Reached skill level 1 in Unarmed Combat
  1130 | D:2      | Reached skill level 1 in Spellcasting
  1130 | D:2      | Reached skill level 1 in Evocations
  1198 | D:2      | Reached XP level 4. HP: 38/38 MP: 5/5
  1499 | D:3      | Upgraded the game from 0.21-a0-591-g2314aa1 to 0.22-a0-79-g605b837
  1499 | D:3      | Upgraded the game from 0.22-a0-79-g605b837 to 0.22-a0-283-g1871b15
  1499 | D:3      | Upgraded the game from 0.22-a0-283-g1871b15 to 0.22-a0-284-g99d1f74
  1505 | D:3      | Noticed Jessica
  1506 | D:3      | Killed Jessica
  1506 | D:3      | Reached skill level 1 in Conjurations
  1506 | D:3      | Reached skill level 1 in Hexes
  1506 | D:3      | Reached skill level 1 in Charms
  1506 | D:3      | Reached skill level 1 in Summonings
  1506 | D:3      | Reached skill level 1 in Necromancy
  1506 | D:3      | Reached skill level 1 in Translocations
  1506 | D:3      | Reached skill level 1 in Transmutations
  1506 | D:3      | Reached skill level 1 in Fire Magic
  1506 | D:3      | Reached skill level 1 in Ice Magic
  1506 | D:3      | Reached skill level 1 in Air Magic
  1506 | D:3      | Reached skill level 1 in Earth Magic
  1506 | D:3      | Reached skill level 1 in Poison Magic
  1610 | D:3      | Reached XP level 5. HP: 26/43 MP: 5/7
  1620 | D:3      | Noticed Amnesiac's ghost (amateur DEIE)
  1639 | D:3      | Killed Amnesiac's ghost
  1639 | D:3      | Reached XP level 6. HP: 34/50 MP: 8/8
  2159 | D:3      | Found a shattered altar of Ashenzari.
  2435 | D:4      | Noticed a phantom
  2453 | D:4      | Reached skill level 5 in Fighting
  2480 | D:4      | Killed a phantom
  2480 | D:4      | Reached XP level 7. HP: 30/56 MP: 10/10
  3529 | D:4      | Reached XP level 8. HP: 63/63 MP: 12/12
  4029 | D:5      | Entered Level 5 of the Dungeon
  4109 | D:5      | Found a staircase to the Ecumenical Temple.
  4117 | Temple   | Entered the Ecumenical Temple
  4198 | Temple   | Became a worshipper of Sif Muna the Loreminder
  4320 | D:5      | Found a hazy altar of Hepliaklqana.
  4400 | D:5      | Found a radiant altar of Vehumet.
  4430 | D:5      | Engulfed by a cloud of flame

Vault maps used:
D:1:      lightli_arrival_maybe_door_vault
D:2:      gammafunk_temple_overflow_statue
D:3:      ashenzari_conservatory_becter, uniq_jessica
D:4:      corexii_shantytown, first_ration
D:5:      kennysheep_mini_moat, fiery_altar_vehumet, temple_green,
          minmay_gold_behind_fungi
Temple:   eino_temple_lava

Skill      XL: |  1  2  3  4  5  6  7  8 |
---------------+-------------------------+-----
Crossbows      | | 10.8
Invocations    | 1 2 3 |  3.5
Short Blades   | 1 2 3 |  3.1
Long Blades    | 1 2 3 |  3.1
Axes           | 1 2 3 |  3.1
Maces & Flails | 1 2 3 |  3.1
Polearms       | 1 2 3 |  3.1
Staves         | 1 2 3 |  3.1
Slings         | 1 2 3 |  3.1
Bows           | 1 2 3 |  3.1
Dodging        | 1 2 3 |  3.1
Stealth        | 1 2 3 |  3.1
Unarmed Combat | 1 2 3 |  3.1
Spellcasting   | 1 2 3 |  3.1
Evocations     | 1 2 3 |  3.1
Conjurations   | 1 2 |  2.5
Hexes          | 1 2 |  2.5
Charms         | 1 2 |  2.5
Summonings     | 1 2 |  2.5
Necromancy     | 1 2 |  2.5
Translocations | 1 2 |  2.5
Transmutations | 1 2 |  2.5
Fire Magic     | 1 2 |  2.5
Ice Magic      | 1 2 |  2.5
Air Magic      | 1 2 |  2.5
Earth Magic    | 1 2 |  2.5
Poison Magic   | 1 2 |  2.5
Throwing       | 3 4 |  4.1
Armour         | 3 4 |  4.1
Shields        | 3 4 |  4.1
Fighting       | 5 |  5.6

Action                   |  1- 3 |  4- 6 |  7- 9 || total
-------------------------+-------+-------+-------++-------
Melee: Mace              |    34 |   106 |   120 ||   260
       Bite              |     3 |    11 |    16 ||    30
       Punch             |     1 |       |     4 ||     5
 Fire: Hand crossbow     |    37 |    42 |    46 ||   125
  Use: Scroll            |     8 |       |     9 ||    17
       Potion            |       |     1 |     1 ||     2
 Stab: Sleeping          |     1 |     1 |     8 ||    10
  Eat: Chunk             |     1 |     3 |     6 ||    10
Armor: Leather armour    |     6 |       |       ||     6
       Ring mail         |     5 |    69 |    56 ||   130
Dodge: Dodged            |    33 |    78 |    81 ||   192

Table legend:
 A = Spawn XP
 B = Non-spawn XP
 C = Spawn XP percentage of total XP
 D = Spawn monster count
 E = Non-spawn monster count
 F = Spawn count percentage of total count
 G = Total turns spent on level
                    A         B        C        D         E        F      G
               +---------+---------+-------+---------+---------+-------+---------
         Total |       0 |    1640 |   0.0 |       0 |     111 |   0.0 |  4430
               +---------+---------+-------+---------+---------+-------+---------
           D:1 |       0 |      16 |   0.0 |       0 |      10 |   0.0 |   776
           D:2 |       0 |      88 |   0.0 |       0 |      26 |   0.0 |   659
           D:3 |       0 |     321 |   0.0 |       0 |      23 |   0.0 |   996
           D:4 |       0 |     873 |   0.0 |       0 |      48 |   0.0 |  1598
           D:5 |       0 |     342 |   0.0 |       0 |       4 |   0.0 |   310
               +---------+---------+-------+---------+---------+-------+---------
